 Dungeon Crawl Stone Soup version 0.20.1-1-g8b1a95d (webtiles) character file.

456 Pytinka the Shield-Bearer (level 6, 0/56 HPs)
             Began as a Minotaur Fighter on July 11, 2017.
             Slain by a slave (2 damage)
             ... led by Pikel
             ... on level 4 of the Dungeon.
             The game lasted 00:04:12 (2822 turns).

Pytinka the Shield-Bearer (Minotaur Fighter)        Turns: 2822, Time: 00:04:12

Health: 0/56       AC:  9    Str: 22    XL:     6   Next: 77%
Magic:  5/5        EV:  6    Int:  5    God:
Gold:   139        SH: 14    Dex: 10    Spells: 5/5 levels left

rFire    . . .     SeeInvis .   a - +0 war axe
rCold    . . .     Gourm    .   c - +0 shield
rNeg     . . .     Faith    .   k - +0 chain mail
rPois    .         Spirit   .   (helmet restricted)
rElec    .         Reflect  +   (no cloak)
rCorr    .         Harm     .   (no gloves)
MR       .....                  (no boots)
Stlth    ..........             q - +4 amulet of reflection
Regen    0.2/turn               (no ring)
MPRegen  0.1/turn               (no ring)

@: no status effects
A: retaliatory headbutt, horns 2
a: no special abilities


You were on level 4 of the Dungeon.
You were not hungry.

You visited 1 branch of the dungeon, and saw 4 of its levels.

You collected 139 gold pieces.

Inventory:

Hand Weapons
 a - a +0 war axe (weapon)
Armour
 c - a +0 shield (worn)
 k - a +0 chain mail (worn)
Jewellery
 q - a +4 amulet of reflection (around neck)
Scrolls
 e - a scroll of fear {unknown}
 g - 5 scrolls of magic mapping
 h - 3 scrolls of remove curse
 j - a scroll of immolation {unknown}
 m - a scroll of blinking {unknown}
 o - 4 scrolls of teleportation {unknown}
 p - 3 scrolls of noise {unknown}
 s - 2 scrolls of identify {unknown}
 t - 2 scrolls of recharging {unknown}
 u - a scroll of enchant weapon {unknown}
 w - a scroll of random uselessness {unknown}
Potions
 d - 2 potions of brilliance {unknown}
 i - 2 potions of curing {unknown}
 r - a potion of berserk rage {unknown}
 v - a potion of flight {unknown}
 x - 2 potions of magic {unknown}
 A - a potion of heal wounds {unknown}
Comestibles
 b - 3 meat rations
 f - 6 bread rations
 l - 9 fruits
 n - 2 royal jellies


   Skills:
 + Level 5.1 Fighting
 + Level 5.4 Axes
 + Level 4.6 Armour
 + Level 1.0 Dodging
 + Level 0.5 Stealth
 + Level 5.9 Shields


You had 5 spell levels left.
You didn't know any spells.

Dungeon Overview and Level Annotations

Branches:
Dungeon (4/15)
 Temple: D:4-7

Altars:
Elyvilon
Yredelemnul

Annotations:
D:4 Pikel


Innate Abilities, Weirdness & Mutations

You reflexively headbutt those who attack you in melee.
You have a pair of horns on your head.


Message History

Pikel barely misses you.
You hit Pikel but do no damage.
Pikel is severely wounded.
Your chain mail prevents you from hitting the slave.
You block the slave's attack. Pikel hits you but does no damage.
You hit Pikel but do no damage.
Pikel is severely wounded.
Your chain mail prevents you from hitting the slave.
The slave hits you.
* * * LOW HITPOINT WARNING * * *
Pikel hits you with a whip of freezing.
* * * LOW HITPOINT WARNING * * *
Pikel freezes you.
* * * LOW HITPOINT WARNING * * *
The slave hits you but does no damage.
Your chain mail prevents you from hitting Pikel.
Pikel is severely wounded.
Your shield prevents you from hitting the slave.
You block Pikel's attack. The slave hits you.
You die...

#####.........# ........##.....
##........)...#####.......##.....
..................#.......##.....
...............##.#.......##.....
..........................##.....
...........##.............######.
...........##.###.........# #...
...........##.####.......## #.##
.##...........##@Kp......# #.#
..............##p####....# #.##
.......................#.## #...
....###....(#.######......####...
...##.....#...#######............
......#(#.###..............##....
..>###..#.# #.###....##..).##...>
..........###.###.##...##)....###
...###............####..#.#..##


You could see Pikel and 2 slaves.

Vanquished Creatures
  Edmund (D:4)
  An ogre (D:4)
  A bullfrog (D:4)
  An orc priest (D:4)
  An orc wizard (D:4)
  A worker ant (D:4)
  2 adders (D:2)
  A shadow imp (D:4)
  An ooze (D:3)
  A worm (D:2)
  3 dart slugs
  4 leopard geckos
  8 orcs
  6 giant cockroaches
  4 goblins
  7 hobgoblins
  9 kobolds
  A quokka (D:4)
  A ball python (D:2)
  9 bats
  6 frilled lizards
  7 rats
76 creatures vanquished.

Notes
Turn   | Place    | Note
-------+----------+-------------------------------------------
     0 | D:1      | Pytinka the Minotaur Fighter began the quest for the Orb.
     0 | D:1      | Reached XP level 1. HP: 19/19 MP: 0/0
   159 | D:1      | Reached XP level 2. HP: 25/27 MP: 1/1
   634 | D:2      | Reached XP level 3. HP: 29/33 MP: 2/2
  1169 | D:3      | Reached XP level 4. HP: 38/40 MP: 3/3
  1632 | D:3      | Found a basalt altar of Yredelemnul.
  1719 | D:3      | Found a white marble altar of Elyvilon.
  2200 | D:4      | Reached XP level 5. HP: 15/47 MP: 4/4
  2462 | D:4      | Noticed an ogre
  2467 | D:4      | Killed an ogre
  2467 | D:4      | Reached skill level 1 in Dodging
  2467 | D:4      | Reached skill level 5 in Shields
  2486 | D:4      | Noticed Edmund
  2504 | D:4      | Killed Edmund
  2504 | D:4      | Reached skill level 5 in Axes
  2504 | D:4      | Reached XP level 6. HP: 28/55 MP: 5/5
  2562 | D:4      | Reached skill level 5 in Fighting
  2798 | D:4      | Noticed a slave
  2799 | D:4      | Noticed a slave
  2799 | D:4      | Noticed Pikel
  2800 | D:4      | Noticed a slave
  2800 | D:4      | Noticed a slave
  2821 | D:4      | HP: 1/56 [Pikel/whip of freezing (2)]
  2822 | D:4      | Slain by a slave

Skill      XL: |  1  2  3  4  5  6 |
---------------+-------------------+-----
Shields        | 4 5 |  5.9
Fighting       | 4 5 |  5.1
Armour         | 4 |  4.6
Axes           | 3 4 5 |  5.4
Dodging        | 1 |  1.0
Stealth        | |  0.5

Action                   |  1- 3 |  4- 6 || total
-------------------------+-------+-------++-------
Melee: War axe           |    91 |   124 ||   215
       Headbutt          |    11 |    19 ||    30
  Use: Scroll            |     2 |       ||     2
       Potion            |       |     1 ||     1
  Eat: Chunk             |     1 |     5 ||     6
Armor: Chain mail        |    27 |    38 ||    65
Dodge: Dodged            |    17 |    28 ||    45
Block: Shield            |    65 |   115 ||   180
       Reflection        |     3 |     2 ||     5
